Map: Ever Dream LE

Players

Rex - Winner!

  • Race: Zerg Zerg
  • League: Master
  • Spawn Location: 1:00

Nice

  • Race: Protoss Protoss
  • Spawn Location: 7:00

Event: DreamHack SC2 Masters 2020 Summer TwHkMoJp

VOD

Have the link to the VOD?

Description

Time

  • Played on: June 26, 2020, 7:36 a.m.
  • Length: 6:26

All games in this series

Show
View Real Time Build Order
Export as new Build Order

Rex Zerg - Winner!

Build Orders: Hatch First 

Get SALT Encoding   

  12  0:00  Drone  
  13  0:12  Overlord  
  13  0:17  Drone  
  14  0:31  Drone x2  
  16  0:49  Hatchery  
  15  0:52  Drone  
  15  0:55  Drone  
  17  0:59  Drone  
  18  1:09  Extractor  
  17  1:14  Spawning Pool  
  17  1:18  Drone  
  17  1:21  Drone  
  18  1:29  Drone  
  19  1:40  Drone  
  20  1:50  Overlord  
  20  2:01  Queen  
  20  2:02  Queen  
  20  2:03  Zergling x2  
  20  2:04  Zergling x2  
  26  2:10  Metabolic Boost  
  26  2:14  Drone x2  
  28  2:23  Drone x2  
  30  2:40  Hatchery  
  29  2:45  Queen, Zergling x2  
  29  2:50  Drone  
  33  2:54  Overlord  
  33  3:02  Drone x2  
  33  3:05  Drone  
  35  3:16  Drone x7  
  35  3:19  Overlord  
  42  3:31  Queen  
  44  3:35  Overlord  
  44  3:39  Drone x3  
  47  3:44  Drone x4  
  51  3:54  Overlord  
  51  3:57  Roach Warren  
  51  3:59  Zergling x8  
  51  4:00  Zergling x2  
  51  4:02  Zergling x2  
  56  4:11  Zergling x6  
  56  4:15  Overlord, Spine Crawler  
  56  4:17  Overlord  
  58  4:23  Zergling x6  
  61  4:27  Queen  
  61  4:29  Overlord  
  63  4:35  Zergling x2  
  63  4:36  Zergling x6  
  67  4:41  Roach  
  67  4:42  Roach x2  
  67  4:43  Roach  
  75  4:47  Roach x2  
  79  4:53  Overlord  
  79  4:55  Spine Crawler  
  77  5:02  Roach x2, Zergling x4  
  80  5:09  Zergling x4  
  80  5:10  Zergling x6  
  77  5:14  Zergling x8  
  77  5:20  Drone  
  77  5:24  Zergling x10  
  81  5:32  Extractor  
  80  5:37  Zergling x6  
  80  5:39  Ravager  
  82  5:45  Zergling x6  
  82  5:47  Spore Crawler  
  82  5:48  Spore Crawler  
  80  5:51  Zergling x12  
  80  5:55  Zergling x2  
  84  6:03  Zergling x10  
  83  6:11  Ravager  
Show
View Real Time Build Order
Export as new Build Order

Nice Protoss 

Build Orders: 1 Gate Expand, Mass Adepts 

Get SALT Encoding   

  12  0:00  Probe  
  13  0:12  Probe  
  14  0:18  Pylon  
  14  0:25  Probe  
  15  0:35  Probe  
  15  0:41  Gateway  
  16  0:43  Probe  
  17  0:51  Probe  
  17  0:55  Assimilator  
  18  1:03  Probe  
  19  1:15  Probe  
  20  1:28  Nexus  
  20  1:39  Cybernetics Core  
  20  1:44  Assimilator  
  20  1:46  Probe  
  21  1:53  Pylon  
  21  1:58  Probe  
  22  2:05  Adept  
  22  2:10  Probe  
  25  2:16  Warp Gate  
  25  2:22  Probe  
  26  2:26  Twilight Council  
  26  2:28  Stalker  
  28  2:38  Probe  
  28  2:43  Probe  
  29  2:50  Probe  
  30  2:53  Robotics Facility  
  30  2:55  Resonating Glaives, Probe  
  31  2:59  Adept  
  31  3:02  Probe  
  34  3:07  Probe  
  35  3:14  Probe  
  35  3:19  Probe  
  37  3:26  Probe  
  38  3:30  Gateway  
  39  3:34  Gateway  
  39  3:38  Gateway  
  38  3:45  Gateway  
  38  3:46  Warp Prism  
  38  3:49  Gateway  
  38  4:00  Probe x2  
  42  4:05  Pylon  
  42  4:08  Adept  
  44  4:24  Pylon  
  44  4:28  Adept x3  
  50  4:34  Pylon  
  50  4:35  Pylon  
  50  4:43  Adept x2  
  50  4:44  Adept  
  56  4:48  Adept x2  
  56  4:51  Adept  
  62  5:00  Shield Battery  
  62  5:06  Adept  
  52  5:19  Adept x2, Probe x2  
  52  5:20  Adept x3  
  48  5:27  Probe x2  
  50  5:32  Robotics Bay  
  52  5:36  Probe x2  
  52  5:37  Adept, Assimilator  
  56  5:43  Assimilator  
  56  5:46  Adept  
  56  5:47  Adept  
  58  5:50  Adept  
  58  5:51  Probe  
  58  5:55  Zealot  
  61  6:00  Zealot  
  61  6:04  Shield Battery  
  61  6:05  Zealot  
  61  6:08  Zealot  
  61  6:11  Zealot  
Tags
 
Add a new tag
Caveats
  • Supply blocks, unpowered buildings, or Contaminate may cause inaccurate times.
  • Supply counts are checked every 10 seconds.